AoeStats
← Governor

Black Forest

510426310Analyzed
2v2 RM · 23h ago on Oct 1, 2026· 63m 14s· 4 players
Game mode
Random Map
Map size
Medium (4 player)
Population
200
Speed
Normal
Resources
Standard
Victory
Conquest
Starting age
Dark Age
Ending age
Imperial Age
RankedLock teamsTeams togetherTeam positionsShared explorationLock speedFull tech treeHidden civsTurbo modeCheats
Victory
Defeat
🇮🇳 Spanish · India
778
+15
🇮🇳 Khmer · India
737
+16
🇨🇳 Vikings · China
763
-38
🇧🇷 Byzantines · Brazil
742
-15
Governor
5:53 Loom
11:20 Feudal Age
12:07 Double-Bit Axe
12:10 Horse Collar
18:44 Gold Mining
21:32 Castle Age
19:56 Scale Mail Armor
22:53 Bow Saw
24:19 Fletching
25:29 Stone Mining
26:18 Gold Shaft Mining
26:53 Masonry
29:48 Ballistics
33:46 Imperial Age
33:34 Treadmill Crane
34:22 Chieftains
34:36 Forging
34:43 Chain Mail Armor
38:39 Conscription
38:28 Heavy Plow
46:34 Plate Mail Armor
46:40 Iron Casting
46:26 Squires
46:31 Arrowslits
47:00 Siege Engineers
46:40 Pikeman
51:22 Bodkin Arrow
DEKALB
13:17 Feudal Age
11:36 Loom
14:08 Double-Bit Axe
19:27 Castle Age
18:23 Horse Collar
18:36 Stone Mining
18:44 Gold Mining
20:51 Bow Saw
21:19 Wheelbarrow
21:33 Heavy Plow
26:09 Gold Shaft Mining
27:11 Stone Shaft Mining
28:15 Caravan
29:09 Hand Cart
31:14 Fortified Wall
34:13 Imperial Age
31:44 Pikeman
32:27 Squires
32:41 Elite Skirmisher
33:45 Scale Barding Armor
33:53 Forging
33:43 Scale Mail Armor
33:34 Fletching
33:50 Husbandry
33:38 Gambesons
36:34 Two-Man Saw
36:18 Crop Rotation
37:01 Chemistry
35:32 Capped Ram
36:43 Halberdier
39:04 Chain Barding Armor
39:02 Chain Mail Armor
38:32 Elite Cataphract
40:35 Ballistics
41:11 Iron Casting
41:12 Plate Barding Armor
40:25 Light Cavalry
43:07 Plate Mail Armor
44:33 Logistica
46:47 Padded Archer Armor
46:42 Bodkin Arrow
49:10 Hoardings
vrooon13
0:27 Loom
13:17 Feudal Age
13:58 Horse Collar
14:24 Double-Bit Axe
17:56 Wheelbarrow
20:21 Gold Mining
23:26 Castle Age
24:52 Hand Cart
24:47 Heavy Plow
26:16 Bow Saw
27:13 Stone Mining
28:31 Stone Shaft Mining
28:39 Hand Cart
28:49 Town Watch
33:45 Gold Shaft Mining
33:27 Town Patrol
34:06 Fletching
34:27 Forging
34:17 Scale Mail Armor
34:23 Scale Barding Armor
34:19 Padded Archer Armor
37:52 Imperial Age
35:18 Elite Skirmisher
38:43 Iron Casting
38:03 Bodkin Arrow
38:24 Leather Archer Armor
39:15 Conscription
39:18 Ballistics
39:09 Fortified Wall
39:07 Siege Engineers
38:59 Murder Holes
40:40 Crop Rotation
41:03 Double Crossbow
41:13 Husbandry
41:23 Bloodlines
42:55 Caravan
42:52 Elite Ballista Elephant
45:06 Pikeman
45:19 Heavy Scorpion
45:37 Halberdier
47:20 Blast Furnace
46:21 Bracer
46:52 Ring Archer Armor
50:09 Chain Barding Armor
50:05 Chain Mail Armor
57:07 Plate Barding Armor
57:04 Coinage
56:14 Capped Ram
58:10 Siege Ram
cop_ninj
0:51 Loom
13:21 Feudal Age
19:46 Castle Age
17:54 Double-Bit Axe
17:53 Horse Collar
22:11 Bow Saw
26:06 Heavy Plow
28:37 Wheelbarrow
29:43 Gold Mining
29:45 Stone Mining
30:30 Hand Cart
33:34 Imperial Age
31:55 Stone Shaft Mining
32:12 Caravan
32:39 Husbandry
32:49 Bloodlines
33:47 Scale Barding Armor
33:52 Forging
33:43 Padded Archer Armor
33:34 Fletching
34:37 Town Watch
35:23 Conscription
35:43 Thumb Ring
37:32 Chemistry
36:52 Ballistics
37:17 Chain Barding Armor
37:33 Iron Casting
37:14 Leather Archer Armor
36:54 Bodkin Arrow
37:21 Town Patrol
38:25 Two-Man Saw
37:44 Cavalier
41:28 Paladin
46:37 Blast Furnace
46:13 Plate Barding Armor
46:09 Ring Archer Armor
45:39 Bracer
46:20 Bombard Tower
54:50 Elite Conquistador
57:25 Heavy Mounted Crossbowman
Connection lost

Rejoining the realm…

Still unreachable

The connection could not be restored.

Session expired

The server has moved on; the page needs a fresh start.